 Dungeon Crawl Stone Soup version 0.30.1-9-gdf580d7c3d (webtiles) character file.

Game seed: 7263345600394248558

58 KittyFluff the Trooper (level 4, 0/43 HPs)
             Began as a Gargoyle Berserker on Oct 16, 2023.
             Was a Follower of Trog.
             Slain by a gnoll
             ... wielding a +0 spear
              (1 damage)
             ... on level 2 of the Dungeon.
             The game lasted 00:03:51 (990 turns).

KittyFluff the Trooper (Gargoyle Berserker)          Turns: 990, Time: 00:03:52

Health: 0/43       AC:  5    Str: 23    XL:     4   Next: 1%
Magic:  4/4        EV: 12    Int:  7    God:    Trog [*.....]
Gold:   31         SH:  0    Dex:  9    Spells: 3/3 levels left

rFire   . . .        a - +0 mace
rCold   . . .        (no shield)
rNeg    + . .        b - +0 animal skin
rPois   ∞            (no helmet)
rElec   +            (no cloak)
rCorr   .            (no gloves)
SInv    .            (no boots)
Will    .....        (no amulet) Stlth
                     (no ring)
HPRegen 0.27/turn    (no ring)
MPRegen 0.09/turn

%: no passive effects
@: berserking, very quick
A: sickness immunity, AC +3, negative energy resistance 1, electricity
resistance, torment resistance 1, petrification resistance
a: Renounce Religion, Berserk


You were on level 2 of the Dungeon.
You worshipped Trog.
Trog was aware of your devotion.
You visited 1 branch of the dungeon, and saw 2 of its levels.

You collected 31 gold pieces.

Inventory:

Hand Weapons
 a - a +0 mace (weapon)
 e - a +0 sling
 l - a +0 arbalest
Missiles
 m - 6 atropa-tipped darts (quivered)
Armour
 b - a +0 animal skin (worn)
Jewellery
 c - a ring of magical power
 n - an amulet of magic regeneration
Scrolls
 d - 2 scrolls of teleportation {unknown}
 f - a scroll of poison {unknown}
Potions
 g - a potion of ambrosia {unknown}
 h - a potion of berserk rage {unknown}
 i - a potion of degeneration {unknown}
 j - 2 potions of haste {unknown}
 k - a potion of attraction {unknown}


   Skills:
 + Level 3.6 Fighting
 * Level 3.6 Maces & Flails
 * Level 3.1 Armour
 + Level 2.0 Dodging


You had 3 spell levels left.
You didn't know any spells.
Your spell library was empty.

Dungeon Overview and Level Annotations

Branches:
Dungeon (2/15)

Altars:


Innate Abilities, Weirdness & Mutations

You are immune to sickness and miasma.
Your stone body is resilient. (AC +3)
You are immune to poison.
You resist negative energy. (rN+)
You are resistant to electric shocks. (rElec)
You are resistant to unholy torment.
You are immune to petrification.


Message History

You hit the gnoll.
The gnoll is heavily wounded.
The gnoll barely misses you. The gnoll hits you with a +0 club.
You hit the gnoll.
The gnoll is almost dead.
The gnoll closely misses you.
You closely miss the gnoll.
The gnoll is almost dead.
The gnoll hits you but does no damage.
You hit the gnoll.
You kill the gnoll!
Trog accepts your kill.
You hit the gnoll.
The gnoll is lightly wounded.
The gnoll closely misses you. The gnoll hits you with a +0 club.
The gnoll barely misses you. The gnoll hits you with a +0 club.
* * * LOW HITPOINT WARNING * * *
A red film seems to cover your vision as you go berserk!
You feel yourself moving faster!
You feel mighty! The gnoll barely misses you. x2
You hit the gnoll.
The gnoll is heavily wounded.
You sock the gnoll!
You kill the gnoll!
Trog accepts your kill. The gnoll closely misses you.
Your Armour skill increases to level 3!
Your Dodging skill increases to level 2!
You sock the gnoll!
The gnoll is severely wounded.
The gnoll misses you. x2
You sock the gnoll!
You kill the gnoll!
Trog accepts your kill.
The gnoll hits you from afar with a +0 spear.
* * * LOW HITPOINT WARNING * * *
You have reached level 4!
You feel stronger.
You closely miss the kobold. The kobold barely misses you.
The gnoll hits you from afar with a +0 spear.
You die...

######## #....<.#
#......# #####......#
.......)...# #####......#
## #......# #.####
#......# #.K@.#########.#
#..g##...#######.####
#...?#####.............##
..## #.....###########...
........##### #P....#
#### .######## #######
#... ####


You could see a gnoll and a kobold.

Vanquished Creatures
  3 gnolls (D:2)
  3 ball pythons (D:1)
  2 bats (D:1)
  2 endoplasms (D:1)
  A giant cockroach (D:1)
  3 goblins (D:1)
  4 hobgoblins (D:1)
  2 quokkas (D:1)
  A frilled lizard (D:1)
  2 kobolds
  5 rats (D:1)
28 creatures vanquished.

Notes
Turn   | Place    | Note
-------+----------+-------------------------------------------
     0 | D:1      | KittyFluff the Gargoyle Berserker began the quest for the
                  | Orb.
     0 | D:1      | Reached XP level 1. HP: 14/14 MP: 1/1
   273 | D:1      | Reached XP level 2. HP: 19/19 MP: 2/2
   482 | D:1      | Found a faded altar of an unknown god.
   839 | D:1      | Reached XP level 3. HP: 23/23 MP: 3/3
   989 | D:2      | HP: 1/34 [gnoll/+0 spear (5)]
   990 | D:2      | Reached XP level 4. HP: 1/29 MP: 4/4
   990 | D:2      | Slain by a gnoll

Illustrated notes

Levels and vault maps discovered:
D:1:      kennysheep_arrival_forest, layout_basic,
          hellmonk_ecumenical_altar_prayer_group, minmay_split_cup_small
D:2:      kennysheep_the_goblin_king, layout_rooms, serial_aquarium,
          aquarium_bridge_island_small [aquarium_subvault_small_open,
          aquarium_subvault_bridge, aquarium_subvault_wall,
          aquarium_subvault_bridge, aquarium_subvault_bridge],
          aquarium_window_fake, aquarium_window_2, aquarium_view_2e,
          minmay_misc_feat_diagonals, st_stairs_5, reono_crystal_passage,
          minmay_puff

Skill      XL: |  1  2  3 |
---------------+----------+-----
Armour         | 3 |  3.1
Dodging        | 2 |  2.0
Fighting       | |  3.6
Maces & Flails | |  3.6

Action                     |  1- 3 |  4- 6 || total
---------------------------+-------+-------++-------
  Melee: Mace              |    87 |     1 ||    88
 Invoke: Berserk           |     1 |       ||     1
 Armour: Animal skin       |    30 |       ||    30
  Dodge: Dodged            |    60 |     1 ||    61
